 Dungeon Crawl Stone Soup version bcrawl-1.19.1 (webtiles) character file.

Game seed: 8922015687804362790

17754 Freyura the Fighter (level 12, -10/108 HPs)
             Began as a Hill Orc Fighter on Nov 29, 2019.
             Was a High Priest of Beogh.
             Mangled by an enormous slime creature (72 damage)
             ... on level 11 of the Dungeon.
             The game lasted 00:42:08 (10025 turns).

Freyura the Fighter (Hill Orc Fighter)             Turns: 10025, Time: 00:42:09

Health: -10/108    AC: 17    Str: 22    XL:     12   Next: 51%
Magic:  19/19      EV: 19    Int:  8    God:    Beogh [*****.]
Gold:   769        SH: 13    Dex: 18    Spells: 11/11 levels left

rFire    . . .     SeeInvis .   y - +1 whip of Yluer {freeze, MR- Dex+4 Stlth+}
rCold    + . .     Gourm    .   c - +1 shield
rNeg     . . .     Faith    .   h - +1 ring mail of Vimoddax {rC+ Str+2}
rPois    .         Spirit   .   s - +1 helmet
rElec    +         Reflect  .   x - +2 cloak
rCorr    .         Harm     .   v - +2 pair of gloves
MR       .....                  (no boots)
Stlth    ++........             n - amulet of regeneration
HPRegen  0.68/turn              a - +4 ring of evasion
MPRegen  0.16/turn              E - ring of insulation

@: no status effects
A: walk on water
a: Smiting, Recall Orcish Followers, Give Item to Named Follower, Renounce
Religion


You were on level 11 of the Dungeon.
You worshipped Beogh.
Beogh was extremely pleased with you.
You were not hungry.

You visited 2 branches of the dungeon, and saw 12 of its levels.
You also visited: Ossuary.

You collected 769 gold pieces.

Inventory:

Hand Weapons
 m - a +2 mace of protection
 y - the +1 whip of Yluer (weapon) {freeze, MR- Dex+4 Stlth+}
   (You found it on level 7 of the Dungeon)

   It has been specially enchanted to freeze those struck by it, causing extra
   injury to most foes and up to half again as much damage against particularly
   susceptible opponents.
   It can also slow down cold-blooded creatures.
   It affects your dexterity (+4).
   It affects your resistance to hostile enchantments.
   It makes you more stealthy.
Armour
 b - a +2 scale mail of fire resistance
 c - a +1 shield (worn)
 h - the +1 ring mail of Vimoddax (worn) {rC+ Str+2}
   (You found it on level 7 of the Dungeon)

   It affects your strength (+2).
   It protects you from cold.
 q - a +0 pair of gloves
 s - a +1 helmet (worn)
 v - a +2 pair of gloves (worn)
 x - a +2 cloak (worn)
Jewellery
 a - a +4 ring of evasion (left hand)
 n - an amulet of regeneration (around neck)
 z - an uncursed ring of fire
 C - an uncursed ring of protection from fire
 E - a ring of insulation (right hand)
 G - an uncursed ring of protection from cold {unknown}
Wands
 B - a wand of flame (18)
 F - a wand of polymorph (15)
 I - a wand of clouds (5)
Scrolls
 d - a scroll of fear
 g - 3 scrolls of blinking
 i - 7 scrolls of identify
 r - 7 scrolls of fog
 t - 2 scrolls of teleportation
 u - 6 scrolls of remove curse
 D - 5 scrolls of immolation {unknown}
 H - a scroll of enchant armour
Potions
 e - a potion of invisibility
 j - 6 potions of heal wounds
 k - 8 potions of curing
 l - a potion of magic
 o - 2 potions of flight
 p - 2 potions of ambrosia
 w - 4 potions of brilliance
 A - a potion of haste
Comestibles
 f - 23 rations {!d}


   Skills:
 * Level 10.9 Fighting
   Level 10.9 Short Blades
   Level 10.9 Long Blades
   Level 10.9 Axes
   Level 10.9 Maces & Flails
   Level 10.9 Polearms
   Level 10.9 Staves
 + Level 9.8 Armour
 + Level 7.0 Dodging
 + Level 9.8 Shields
   Level 10.9 Unarmed Combat
 + Level 9.8 Invocations


You had 11 spell levels left.
You didn't know any spells.
Your spell library contained the following spells:

 Spells                   Type           Power        Failure   Level  Hunger
 Summon Small Mammal      Summ           #...         77%         1    ##.....
 Call Imp                 Summ           #.....       88%         2    ###....
 Ensorcelled Hibernation  Hex/Ice        #.....       88%         2    ###....
 Call Canine Familiar     Summ           #.......     98%         3    ####...
 Summon Ice Beast         Ice/Summ       #.......     100%        4    #####..
 Summon Lightning Spire   Summ/Air       #.......     100%        5    ######.
 Borgnjor's Vile Clutch   Necr/Erth      #.........   100%        6    #######
 Darkness                 Hex            #.........   100%        6    #######
 Infestation              Hex/Tmut/Pois  #........    100%        6    #######
 Shadow Creatures         Summ           N/A          100%        6    #######
 Time Stop                Chrm/Tloc      N/A          100%        8    #######


Dungeon Overview and Level Annotations

Branches:
Dungeon (11/12)            Temple (1/1) D:4            Lair (0/6) D:9
    Orc (0/1) D:11
 Vaults: D:11-12

Altars:
Ashenzari
Cheibriados
Dithmenos
Elyvilon
Fedhas
Gozag
Hepliaklqana
Kikubaaqudgha
Lugonu
Makhleb
Nemelex Xobeh
Okawaru
Qazlal
Ru
Sif Muna
Trog
Uskayaw
Vehumet
Wu Jian
Xom
Yredelemnul
Zin
The Shining One

Shops:
D:6 (

Annotations:
D:10 Maurice


Message History

The very large slime creature misses you.
Two slime creatures merge to form an enormous slime creature.
You are too injured to fight recklessly!
You are too injured to fight recklessly!
You are too injured to fight recklessly!
You are too injured to fight recklessly!
You are too injured to fight recklessly!
You are too injured to fight recklessly!
You are too injured to fight recklessly!
You hit the enormous slime creature. You freeze the enormous slime creature.
The enormous slime creature is heavily wounded.
The slime creature barely misses you.
Your orc warrior hits the enormous slime creature with a +0 battleaxe!
You hit the enormous slime creature. You freeze the enormous slime creature.
The enormous slime creature is heavily wounded.
You hit the enormous slime creature. You freeze the enormous slime creature.
The enormous slime creature is heavily wounded.
The enormous slime creature hits you!!!!
Ouch! That really hurt!
You die...

### ... ..# #.## ### #.H .o#
#.J#J.# ...... ###@### .# ..
#. ......##..#oo# ..
#.##..#.....##..#o.#..####
......#......###.###..... #
.....##.....##.#..##..# .#
............###o.##..# ##.##
##.##.##......##'#...# .....#
#...#.##...........#.##.#.#.#
#.#........########.........#


You could see an enormous slime creature, a slime creature, a hippogriff, a
friendly orc knight, the friendly Wargrak the orc knight, a friendly orc warrior
and a friendly orc.

Vanquished Creatures
  Psyche (D:9)
  A hydra (D:10)
  4 two-headed ogres
  A black mamba (shapeshifter) (D:9)
  A redback zombie (D:11)
  A troll (D:9)
  A meliai (D:10)
  2 hippogriffs
  A spriggan (D:7)
  A shadow (D:7)
  14 yaks
  A hungry ghost (D:8)
  2 basilisks (D:9)
  2 vampire mosquitoes (D:9)
  A warg (D:11)
  2 crocodiles (D:9)
  Duvessa (D:5)
  3 water moccasins
  3 porcupines (D:9)
  2 ice beasts
  2 black bears
  An orc warrior (D:8)
  A phantom (D:4)
  2 sky beasts
  An eye of draining (D:10)
  A necrophage (D:6)
  4 ogres
  2 centaurs
  8 bullfrogs
  A big kobold (D:8)
  3 elf zombies (Ossuary)
  Dowan (D:5)
  A wyvern skeleton (D:7)
  7 scorpions
  4 killer bees (D:8)
  A howler monkey (D:5)
  2 crimson imps
  5 centaur zombies (Ossuary)
  4 hounds
  4 human zombies (Ossuary)
  4 orc priests
  3 bullfrog skeletons
  2 bullfrog zombies
  5 orc wizards
  3 centaur skeletons
  6 iguanas
  10 worker ants
  3 mummies (Ossuary)
  2 worker ant zombies (D:5)
  5 gnolls
  A howler monkey zombie (D:5)
  2 howler monkey skeletons
  10 adders
  An ooze (D:3)
  3 adder zombies
  2 worms (D:2)
  2 adder skeletons
  5 dart slugs
  5 leopard geckos
  26 orcs
  A ball python (D:1)
  4 bats (D:1)
  5 giant cockroaches
  5 goblins
  9 hobgoblins
  5 jackals
  10 kobolds
  4 quokkas
  3 frilled lizards
  A quokka skeleton (D:5)
  7 rats
254 creatures vanquished.

Vanquished Creatures (collateral kills)
  2 slime creatures (D:11)
  Erolcha (D:9)
  A two-headed ogre (D:9)
  3 cyclopes
  An ugly thing (D:11)
  A centaur skeleton (D:9)
  A queen bee (shapeshifter) (D:11)
  A troll (D:9)
  2 meliai (D:10)
  A hippogriff (D:10)
  A wraith (D:11)
  6 yaks (D:10)
  A hungry ghost (D:9)
  A vampire mosquito (D:9)
  An acid dragon (D:10)
  A soldier ant (D:10)
  An orc warrior (D:11)
  A phantom (D:8)
  An ice beast (D:11)
  3 bullfrogs
  A gnoll sergeant (D:9)
  2 worker ants (D:10)
  2 gnolls (D:9)
  2 adders
  An adder skeleton (D:9)
  An orc (D:11)
40 creatures vanquished.

Vanquished Creatures (others)
  An orc warrior (D:10)
  An orc priest (D:4)
  An orc wizard (D:11)
  A dart slug (D:4)
  6 orcs
  2 plants (D:9)
12 creatures vanquished.

Grand Total: 306 creatures vanquished

Notes
Turn   | Place    | Note
-------+----------+-------------------------------------------
     0 | D:1      | Freyura the Hill Orc Fighter began the quest for the Orb.
     0 | D:1      | Reached XP level 1. HP: 20/20 MP: 1/1
    55 | D:1      | Reached XP level 2. HP: 27/27 MP: 2/2
   433 | D:1      | Reached XP level 3. HP: 34/34 MP: 3/3
   895 | D:2      | Reached skill level 1 in Dodging
   895 | D:2      | Reached XP level 4. HP: 32/41 MP: 4/4
  1177 | D:2      | Found a glowing silver altar of Zin.
  1177 | D:2      | Found a sacrificial altar of Ru.
  1422 | D:2      | Reached XP level 5. HP: 36/47 MP: 5/5
  1796 | D:3      | Reached skill level 5 in Fighting
  1885 | D:3      | Found an ancient bone altar of Kikubaaqudgha.
  2485 | D:4      | Reached XP level 6. HP: 44/56 MP: 6/6
  2643 | D:4      | Found a shattered altar of Ashenzari.
  2822 | D:4      | Found a staircase to the Ecumenical Temple.
  2830 | Temple   | Entered the Ecumenical Temple
  3103 | D:4      | Became a worshipper of Beogh the Brigand
  3104 | D:4      | Noticed a phantom
  3110 | D:4      | Reached XP level 7. HP: 43/62 MP: 7/7
  3134 | D:4      | Reached skill level 5 in Armour
  3134 | D:4      | Reached skill level 5 in Shields
  3498 | D:4      | Reached skill level 6 in Fighting
  3643 | D:5      | Entered Level 5 of the Dungeon
  3680 | D:5      | Noticed a two-headed ogre
  3695 | D:5      | Killed a two-headed ogre
  3695 | D:5      | Reached XP level 8. HP: 28/71 MP: 7/10
  3877 | D:5      | Noticed a hippogriff
  3878 | D:5      | Reached skill level 7 in Fighting
  3887 | D:5      | Reached XP level 9. HP: 73/79 MP: 11/11
  4069 | D:5      | Found a sand-covered staircase.
  4087 | Ossuary  | Entered an ossuary
  4267 | Ossuary  | Reached * piety under Beogh
  4316 | Ossuary  | Reached skill level 5 in Invocations
  4729 | D:5      | Noticed Duvessa
  4746 | D:5      | Killed Duvessa
  4747 | D:5      | Noticed Dowan
  4767 | D:5      | Killed Dowan
  4767 | D:5      | Reached skill level 8 in Fighting
  5175 | D:6      | Found a shadowy altar of Dithmenos.
  5204 | D:6      | Reached XP level 10. HP: 61/88 MP: 14/14
  5734 | D:6      | Found Daqor's Antique Weapon Shop.
  5921 | D:7      | Reached ** piety under Beogh
  5995 | D:7      | Got a distressingly furry ring mail
  6105 | D:7      | Identified the +1 ring mail of Vimoddax {rC+ Str+2} (You
                  | found it on level 7 of the Dungeon)
  6124 | D:7      | Found a burning altar of Makhleb.
  6137 | D:7      | Got an encrusted whip
  6138 | D:7      | Identified the +1 whip of Yluer {freeze, MR- Dex+4 Stlth+}
                  | (You found it on level 7 of the Dungeon)
  6359 | D:7      | Found an ornate altar of the Wu Jian Council.
  6425 | D:7      | Reached skill level 5 in Dodging
  6859 | D:8      | Found a white marble altar of Elyvilon.
  7016 | D:8      | Reached skill level 9 in Fighting
  7075 | D:8      | Reached *** piety under Beogh
  7308 | D:8      | Noticed a two-headed ogre
  7324 | D:8      | Killed a two-headed ogre
  7324 | D:8      | Reached XP level 11. HP: 91/97 MP: 16/16
  7717 | D:9      | Noticed a two-headed ogre
  7720 | D:9      | Found a staircase to the Lair.
  7785 | D:9      | Killed a two-headed ogre
  8103 | D:9      | Noticed a two-headed ogre
  8109 | D:9      | Reached skill level 10 in Fighting
  8111 | D:9      | Noticed Psyche
  8115 | D:9      | Killed a two-headed ogre
  8123 | D:9      | Killed Psyche
  8203 | D:9      | Noticed a cyclops
  8213 | D:9      | Killed a cyclops
  8316 | D:9      | Found an iron altar of Okawaru.
  8450 | D:9      | Noticed Erolcha
  8464 | D:9      | Killed Erolcha
  8464 | D:9      | Reached **** piety under Beogh
  8623 | D:9      | Found a glowing silver altar of Zin.
  8734 | D:9      | Found a shimmering blue altar of Sif Muna.
  8734 | D:9      | Found a hazy altar of Hepliaklqana.
  8839 | D:10     | Entered Level 10 of the Dungeon
  8842 | D:10     | Noticed a cyclops
  8853 | D:10     | Killed a cyclops
  8853 | D:10     | Reached XP level 12. HP: 107/107 MP: 18/18
  9080 | D:10     | Gained Wargrak as an ally
  9295 | D:10     | Noticed a two-headed ogre
  9315 | D:10     | Killed a two-headed ogre
  9356 | D:10     | Noticed a four-headed hydra
  9365 | D:10     | Killed a four-headed hydra
  9536 | D:10     | Noticed Maurice
  9536 | D:10     | Paralysed by Maurice for 4 turns
  9552 | D:10     | Paralysed by something for 2 turns
  9924 | D:11     | Found a staircase to the Orcish Mines.
  9959 | D:11     | Reached ***** piety under Beogh
 10025 | D:11     | Mangled by an enormous slime creature

Skill      XL: |  1  2  3  4  5  6  7  8  9 10 11 12 |
---------------+-------------------------------------+-----
Dodging        | 1 2 3 4 5 6 7 |  7.0
Armour         | 4 5 6 7 8 9 |  9.8
Shields        | 4 5 6 7 8 9 |  9.8
Fighting       | 5 6 7 8 9 10 | 10.9
Invocations    | 2 3 5 7 9 |  9.8
Short Blades   | | 10.9
Long Blades    | | 10.9
Axes           | | 10.9
Maces & Flails | | 10.9
Polearms       | | 10.9
Staves         | | 10.9
Unarmed Combat | | 10.9

Action                   |  1- 3 |  4- 6 |  7- 9 | 10-12 || total
-------------------------+-------+-------+-------+-------++-------
Melee: Flail             |    16 |    45 |       |       ||    61
       Whip              |   134 |   297 |       |   867 ||  1298
       Mace              |       |    44 |   517 |   103 ||   664
Invok: Convert to Beogh  |       |     1 |       |       ||     1
  Use: Scroll            |     2 |    10 |    12 |     1 ||    25
       Potion            |       |     2 |     5 |     4 ||    11
 Stab: Invisible         |       |       |     3 |     3 ||     6
       Sleeping          |       |       |       |     4 ||     4
       Distracted        |       |       |       |     5 ||     5
  Eat: Chunk             |       |     8 |     8 |    14 ||    30
       Ration            |       |       |       |     2 ||     2
Armor: Scale mail        |    56 |    93 |   221 |    41 ||   411
       Chain mail        |       |    26 |    22 |       ||    48
       Ring mail         |       |       |       |   151 ||   151
Dodge: Dodged            |    41 |   102 |   201 |   334 ||   678
Block: Shield            |    67 |   173 |   291 |   400 ||   931
